 Dungeon Crawl Stone Soup version 0.27-a0-475-g4587593e40 (webtiles) character file.

Game seed: 12522630317262545127

8 Leibowitz the Stinger (level 2, -3/22 HPs)
             Began as a Naga Venom Mage on Mar 1, 2021.
             Slain by a hobgoblin
             ... wielding a +0 club
              (5 damage)
             ... on level 1 of the Dungeon.
             The game lasted 00:02:41 (265 turns).

Leibowitz the Stinger (Naga Venom Mage)              Turns: 265, Time: 00:02:42

Health: -3/22      AC:  1    Str: 10    XL:     2   Next: 8%
Magic:  0/5        EV: 10    Int: 15    God:
Gold:   4          SH:  0    Dex: 11    Spells: 2/5 levels left

rFire    . . .     SeeInvis +   (no weapon)
rCold    . . .     Faith    .   (no shield)
rNeg     . . .     Spirit   .   a - +0 robe
rPois    +         Reflect  .   (no helmet)
rElec    .         Harm     .   (no cloak)
rCorr    .         Rampage  .   (no gloves)
Will     .....                  (no barding)
Stlth    ++........             (no amulet)
HPRegen  0.07/turn              (no ring)
MPRegen  0.09/turn              (no ring)

@: very slightly contaminated, very slow
A: large, see invisible, deformed body, poison resistance, slowness 2, spit
poison 1, AC +0
a: Spit Poison


You were on level 1 of the Dungeon.
You visited 1 branch of the dungeon, and saw 1 of its levels.

You collected 4 gold pieces.

Inventory:

Armour
 a - a +0 robe (worn)
Scrolls
 b - a scroll of magic mapping {unknown}


   Skills:
 + Level 1.8 Dodging
 + Level 3.0 Stealth
 + Level 2.2 Spellcasting
 + Level 1.1 Transmutations
 + Level 4.1 Poison Magic


You had 2 spell levels left.
You knew the following spells:

 Your Spells              Type           Power        Failure   Level
a - Sting                 Tmut/Pois      36%          8%          1
b - Poisonous Vapours     Pois/Air       14%          14%         2

Your spell library contained the following spells:

 Spells                   Type           Power        Failure   Level
 Ignite Poison            Fire/Tmut/Pois 6%           32%         3
 Mephitic Cloud           Conj/Pois/Air  5%           36%         3
 Olgreb's Toxic Radiance  Pois           14%          36%         4


Dungeon Overview and Level Annotations

Branches:
Dungeon (1/15)

Altars:


Innate Abilities, Weirdness & Mutations

You cannot wear boots.
Your serpentine skin is tough. (AC +0)
You have supernaturally acute eyesight. (SInv)
Armour fits poorly on your strangely shaped body.
Your system is resistant to poisons. (rPois)
You cover ground very slowly.
You can spit poison.


Message History

The spell fizzles.
A bat comes into view.
The jackal bites you. The jackal closely misses you. The jackal bites you.
The jackal bites you but does no damage.
The jackal bites you.
You see here a rat corpse.
The jackal barely misses you. The jackal bites you.
You hit the jackal but do no damage. The jackal bites you.
The jackal barely misses you.
You hit the jackal but do no damage. The jackal barely misses you.
You barely miss the jackal. The jackal bites you.
The jackal closely misses you.
Casting: Poisonous Vapours (safe; 14% risk of failure)
Confirm with . or Enter, or press ? or * to list all spells.
Aiming: Sting (safe; 8% risk of failure)
Press: ? - help, Shift-Dir - straight line, f - jackal
Aim: a jackal (40% to evade)
The sting hits the jackal.
The jackal is poisoned.
The jackal is severely wounded.
The jackal closely misses you.
You kill the jackal!
The jackal bites you. The jackal bites you. The jackal bites you.
* * * LOW HITPOINT WARNING * * *
The jackal bites you.
* * * LOW HITPOINT WARNING * * *
The jackal barely misses you.
Casting: Sting (safe; 8% risk of failure)
Confirm with . or Enter, or press ? or * to list all spells.
Aiming: Sting (safe; 8% risk of failure)
Press: ? - help, Shift-Dir - straight line, f - jackal
Aim: a jackal (40% to evade)
You miscast Sting.
You are very lightly contaminated with residual magic.
Nothing appears to happen.
The jackal barely misses you. The jackal closely misses you.
The jackal closely misses you. The hobgoblin hits you with a +0 club.
You die...

#.###.)#..###### ##
#.##...........# ...
#.#..#####.....#
#...#######.#.### #.....### .
...............####..†....###..
###........†..................
#####...........####..........
####...............# #.....##...
#....#..........@..# #..........
..###...#......hg.## #..........
#..###.......## #####.......
#####..######...### #....#...>..
.......†..........####.........#.
#####.#####....................#
..".....# #.........##.........#
≈.......# #.........##.........#
≈≈...........##............##....


You could see a jackal and a hobgoblin.

Vanquished Creatures
  A ball python (D:1)
  A goblin (D:1)
  A hobgoblin (D:1)
  A jackal (D:1)
  2 bats (D:1)
  2 rats (D:1)
8 creatures vanquished.

Notes
Turn   | Place    | Note
-------+----------+-------------------------------------------
     0 | D:1      | Leibowitz the Naga Venom Mage began the quest for the Orb.
     0 | D:1      | Reached XP level 1. HP: 15/15 MP: 3/3
   219 | D:1      | Reached XP level 2. HP: 22/22 MP: 3/5
   222 | D:1      | Learned a level 2 spell: Poisonous Vapours
   265 | D:1      | Slain by a hobgoblin

Illustrated notes

Levels and vault maps discovered:
D:1:      dpeg_arrival_stonehenge_8_columns, layout_rooms, lemuel_old_faithful

Action                   || total
-------------------------++-------
Melee: Unarmed           ||     7
 Cast: Sting             ||    12
       Poisonous Vapours ||     2
Armor: Robe              ||     2
Dodge: Dodged            ||    17

Table legend: (Time is in decaauts)
 A = Elapsed time spent in this place.
 B = Non-inter-level travel time spent in this place.
 C = Inter-level travel time spent in this place.
 D = Time resting spent in this place.
 E = Time spent auto-exploring this place.
 F = Levels seen in this place.
 G = Mean time per level.
                   A        B        C        D        E       F      G
               +--------+--------+--------+--------+--------+-----+--------+
         Total |    293 |    293 |      0 |     32 |    184 |   1 |  293.0 |
       Dungeon |    293 |    293 |      0 |     32 |    184 |   1 |  293.0 |
               +--------+--------+--------+--------+--------+-----+--------+

Top non-repeatable levels by time:
     D:1: 293 daAuts
